 Dungeon Crawl Stone Soup version 0.27.1-1-g398f81649c (webtiles) character file.

Game seed: 8106320000804661706

23 Kinoniko the Poker (level 3, -1/29 HPs)
             Began as a Merfolk Berserker on Sept 22, 2021.
             Was a Follower of Trog.
             Killed from afar by Sigmund (3 damage)
             ... with a magic dart
             ... on level 2 of the Dungeon.
             The game lasted 00:01:34 (992 turns).

Kinoniko the Poker (Merfolk Berserker)               Turns: 992, Time: 00:01:35

Health: -1/29      AC:  2    Str: 17    XL:     3   Next: 0%
Magic:  3/3        EV: 13    Int:  6    God:    Trog [*.....]
Gold:   39         SH:  0    Dex: 14    Spells: 2/2 levels left

rFire    . . .     SeeInvis .   a - +0 spear
rCold    . . .     Faith    .   (no shield)
rNeg     . . .     Spirit   .   b - +0 animal skin
rPois    .         Reflect  .   (no helmet)
rElec    .         Harm     .   (no cloak)
rCorr    .         Rampage  .   (no gloves)
Will     .....                  (no boots)
Stlth    +.........             (no amulet)
HPRegen  0.09/turn              g - +4 ring of slaying
MPRegen  0.08/turn              (no ring)

@: on berserk cooldown, slowed, very slow
A: (nimble swimmer 2), mertail
a: Renounce Religion, Berserk


You were on level 2 of the Dungeon.
You worshipped Trog.
Trog was aware of your devotion.
You visited 1 branch of the dungeon, and saw 2 of its levels.

You collected 39 gold pieces.

Inventory:

Hand Weapons
 a - a +0 spear (weapon)
Armour
 b - a +0 animal skin (worn)
Jewellery
 g - a +4 ring of slaying (left hand)
Scrolls
 c - a scroll of vulnerability {unknown}
 d - a scroll of enchant weapon {unknown}
 e - a scroll of teleportation {unknown}
 f - 2 scrolls of identify {unknown}


   Skills:
 - Level 3.2 Fighting
 * Level 5.5 Polearms
 - Level 1.3 Armour
 + Level 3.3 Dodging


You had 2 spell levels left.
You didn't know any spells.
Your spell library was empty.

Dungeon Overview and Level Annotations

Branches:
Dungeon (2/15)

Altars:

Annotations:
D:2 Sigmund


Innate Abilities, Weirdness & Mutations

((You are quick and stealthy near water. (Stealth+, EV+, Speed+++)))
Your lower body shifts to a powerful aquatic tail in water.


Message History

You are too confused!
Nothing quivered!
You are too confused!
You swing at nothing.
Sigmund hits you but does no damage.
You swing at nothing.
Sigmund mumbles some strange words.
Sigmund flickers and vanishes!
Deactivating autopickup; reactivate with Ctrl-A.
You swing at nothing.
Something hits you!
Confused reach: a) +0 spear
Press: ? - help, Dir - move target, f - you
Okay, then.
You cannot move. (Use ctrl+direction or * direction to attack without moving.)
You cannot move. (Use ctrl+direction or * direction to attack without moving.)
You swing at nothing.
You feel less confused.
You hear a zap.
Reach: a) +0 spear
Press: ? - help, Dir - move target You reach to attack!
You hit something.
You hear some strange, mumbled words.
You are confused.
You swing at nothing.
You feel less wooden.
Your +0 animal skin unmelds from your body.
Something hits you!
You hear some strange, mumbled words.
Something tries to affect you, but you resist.
You hear a zap.
Something tries to affect you, but you resist.
Okay, then.
Something hits you!
* * * LOW HITPOINT WARNING * * *
Unknown command.
Unknown command.
You feel less confused.
You hear some strange, mumbled words.
A magic dart appears from out of thin air!
The magic dart hits you.
You die...

.. ##.....##
#..##.......##
#.#.........#
...........#
#.........#
#.........#
#.........#
##$....{.##
#(.<...@..#
#.........#
#.........#
#.........#
#....?....#
##.......##
##.....##
#######


There were no monsters in sight!

Vanquished Creatures
  A worm (D:2)
  A dart slug (D:1)
  2 ball pythons (D:1)
  A bat (D:1)
  2 endoplasms (D:1)
  A giant cockroach (D:1)
  4 goblins (D:1)
  3 kobolds (D:1)
  A frilled lizard (D:1)
16 creatures vanquished.

Notes
Turn   | Place    | Note
-------+----------+-------------------------------------------
     0 | D:1      | Kinoniko the Merfolk Berserker began the quest for the Orb.
     0 | D:1      | Reached XP level 1. HP: 18/18 MP: 1/1
    51 | D:1      | Found a faded altar of an unknown god.
   126 | D:1      | Reached skill level 5 in Polearms
   126 | D:1      | Reached XP level 2. HP: 24/24 MP: 2/2
   957 | D:2      | Noticed Sigmund
   983 | D:2      | Reached XP level 3. HP: 29/29 MP: 3/3
   990 | D:2      | HP: 1/29 [something (8)]
   992 | D:2      | Killed from afar by Sigmund

Illustrated notes

Levels and vault maps discovered:
D:1:      shiori_arrival_oz, layout_basic, shapermc_ecumenical_altar_flowoftime,
          minivault_14, hangedman_decor_opposing
D:2:      layout_rooms, uniq_sigmund

Skill      XL: |  1 |
---------------+----+-----
Dodging        | 3 |  3.3
Polearms       | 5 |  5.5
Fighting       | |  3.2
Armour         | |  1.3

Action                   || total
-------------------------++-------
Melee: Spear             ||    64
Invok: Berserk           ||     2
Armor: Animal skin       ||     5
       Skin              ||    10
Dodge: Dodged            ||    20
